[Event "Titled Tuesday Blitz August 17 2021"]
[White "Holt, Conrad"]
[Black "Nakamura, Hikaru"]
[WhiteFideId "2034387"]
[BlackFideId "2016192"]
[WhiteElo "2586"]
[BlackElo "2900"]
[Result "0-1"]
[Round "05"]
[TimeControl "180+1"]
[Date "2021.08.17"]
[WhiteClock "0:00:12"]
[BlackClock "0:01:06"]

1. d4 g6 2. c4 Bg7 3. Nf3 d6 4. e4 Nc6 5. d5 Ne5 6. Nxe5 Bxe5 7. Bd3 e6 8. Nd2 Bg7 9. O-O Nf6 10. Nf3 O-O 11. h3 Nd7 12. Bg5 Qe8 13. Qd2 Nc5 14. Bh6 a5 15. Bxg7 Kxg7 16. dxe6 fxe6 17. e5 d5 18. Bc2 Qf7 19. Qd4 b6 20. Rfe1 Bb7 21. cxd5 Bxd5 22. Ng5 Qf4 23. Qxf4 Rxf4 24. Bd1 h6 25. Nf3 Nd3 26. Re2 Bxf3 27. gxf3 Rd8 28. Rd2 Rfd4 29. Re2 Nf4 30. Re1 Nxh3+ 31. Kf1 Rd2 32. Be2 Rxb2 33. Red1 Rxd1+ 34. Rxd1 Nf4 35. Rd7+ Kf8 36. Bd1 Rxa2 37. Rxc7 a4 38. Rb7 a3 39. Rxb6 Rb2 40. Ra6 a2 41. Ke1 h5 42. Ra7 h4 0-1


[Site "https://www.chess.com"]

[Event "Titled Tuesday Blitz August 17 2021"]
[White "Ibarra Jerez, Jose Carlos"]
[Black "Vlassov, Nikolai"]
[WhiteFideId "2226332"]
[BlackFideId "4103360"]
[WhiteElo "2602"]
[BlackElo "2407"]
[Result "1-0"]
[Round "05"]
[TimeControl "180+1"]
[Date "2021.08.17"]
[WhiteClock "0:00:52"]
[BlackClock "0:00:41"]

1. d4 Nf6 2. Bf4 g6 3. Nc3 d5 4. Qd2 Bg7 5. Bh6 Bxh6 6. Qxh6 c6 7. O-O-O Ng4 8. Qg7 Rf8 9. Nh3 h5 10. e4 dxe4 11. Ng5 Nxf2 12. Bc4 e6 13. Ncxe4 Nxh1 14. Rf1 Qe7 15. Nxf7 Rxf7 16. Rxf7 Qxf7 17. Nd6+ Kd7 18. Nxf7 Kc7 19. Ne5+ Kb6 20. Qf8 Na6 21. Qd8+ Nc7 22. Bb3 a5 23. Nc4+ Ka7 24. Qxc7 a4 25. Bxa4 Nf2 26. Nb6 1-0


[Site "https://www.chess.com"]

[Event "Titled Tuesday Blitz August 17 2021"]
[White "Ibrahimli, Murad"]
[Black "Kilpatrick, Callum"]
[WhiteFideId "13410229"]
[BlackFideId "414425"]
[WhiteElo "2109"]
[BlackElo "2482"]
[Result "1-0"]
[Round "05"]
[TimeControl "180+1"]
[Date "2021.08.17"]
[WhiteClock "0:01:01"]
[BlackClock "0:00:35"]

1. Nf3 g6 2. g3 Bg7 3. d4 c5 4. d5 d6 5. Bg2 b5 6. O-O Nf6 7. Re1 O-O 8. e4 Nbd7 9. a4 bxa4 10. Rxa4 Qb6 11. Nbd2 Ba6 12. b3 Bb5 13. Nc4 Qc7 14. Ra2 Bxc4 15. bxc4 Rfb8 16. Bd2 Ne5 17. Nxe5 dxe5 18. Ba5 Qc8 19. Bc3 Ne8 20. Qa1 Qc7 21. Ra6 f6 22. Rc6 Qb7 23. Rxc5 Nd6 24. Rc6 Rc8 25. c5 Nb5 26. Rxc8+ Rxc8 27. c6 Qb6 28. Bh3 Ra8 29. Be6+ Kh8 30. Rb1 a6 31. Rxb5 Qxb5 32. c7 Qb7 33. Ba5 Bh6 34. Qc3 Kg7 35. Kg2 Qb5 36. c8=Q Rxc8 37. Bxc8 Qe2 38. Qd3 Qh5 39. d6 exd6 40. Qxd6 Bf4 41. Qe7+ Kh6 42. Qf8+ Kg5 43. h4+ 1-0


[Site "https://www.chess.com"]

[Event "Titled Tuesday Blitz August 17 2021"]
[White "Idani, Pouya"]
[Black "Estrada Nieto, Julian"]
[WhiteFideId "12510130"]
[BlackFideId "5101018"]
[WhiteElo "2610"]
[BlackElo "2270"]
[Result "1-0"]
[Round "05"]
[TimeControl "180+1"]
[Date "2021.08.17"]
[WhiteClock "0:00:09"]
[BlackClock "0:00:01"]

1. e4 e5 2. Nf3 Nc6 3. Bc4 Bc5 4. c3 d6 5. O-O Nf6 6. d3 a6 7. Bb3 Ba7 8. Re1 O-O 9. h3 h6 10. Nbd2 Re8 11. Nf1 Be6 12. N3h2 d5 13. Qf3 d4 14. Ng3 Bxb3 15. axb3 Re6 16. Nf5 Kh7 17. Ng4 Nxg4 18. hxg4 Bc5 19. b4 Bf8 20. Qh3 Kg8 21. Bd2 Qd7 22. b5 Ne7 23. c4 Rb8 24. bxa6 bxa6 25. Bc1 Rb3 26. Qf3 Nc6 27. Qd1 Rb8 28. Qa4 a5 29. Rd1 Qe8 30. Bd2 Bb4 31. Rac1 Bxd2 32. Rxd2 Rb4 33. Qa3 Qb8 34. Rf1 Rb3 35. Qa4 Qb4 36. Qxb4 Rxb4 37. Ra1 Kf8 38. Kf1 Re8 39. Ke2 Reb8 40. Ra2 Rb3 41. Ng3 g6 42. Nf1 Ke7 43. f3 Ra8 44. Kd1 Nb4 45. Ra3 Rxa3 46. bxa3 Nc6 47. Rb2 Kd6 48. Nd2 Rb8 49. Kc2 Rxb2+ 50. Kxb2 a4 51. Kc2 Kc5 52. Nf1 Na5 53. Ng3 Nb3 54. Ne2 Na1+ 55. Kb2 Nb3 56. g3 Nd2 57. Ng1 Nf1 58. Kc2 Nxg3 59. Kd2 h5 60. Ke1 h4 61. Kf2 f5 62. gxf5 gxf5 63. Nh3 fxe4 64. fxe4 Kd6 65. Ng5 Ke7 66. Nf3 Nh5 67. Nxe5 Nf4 68. Kf3 Nh3 69. Kg4 Nf2+ 70. Kxh4 Nd1 71. Nf3 Nb2 72. Nxd4 c5 73. Kh3 Nxd3 74. Nb5 Ne5 75. Nc3 Nf3 76. Nxa4 Nd2 77. Nxc5 Nxc4 78. a4 Kd6 79. Nb7+ 1-0


[Site "https://www.chess.com"]

[Event "Titled Tuesday Blitz August 17 2021"]
[White "Idrisov, Ildar F"]
[Black "Golubev, Mikhail"]
[WhiteFideId "4151020"]
[BlackFideId "14100983"]
[WhiteElo "2209"]
[BlackElo "2374"]
[Result "1-0"]
[Round "05"]
[TimeControl "180+1"]
[Date "2021.08.18"]
[WhiteClock "0:00:45"]
[BlackClock "0:00:01"]

1. Nf3 d6 2. d4 Nf6 3. b3 g6 4. Bb2 Bg7 5. g3 O-O 6. Bg2 a5 7. a3 b6 8. O-O Bb7 9. c4 Nbd7 10. Nc3 Ne4 11. Nxe4 Bxe4 12. Qd2 Nf6 13. h3 a4 14. b4 d5 15. cxd5 Qxd5 16. Rac1 c6 17. Rfd1 Rac8 18. Ne1 Bxg2 19. Nxg2 Rfd8 20. Qc2 b5 21. Nf4 Qd7 22. Kg2 Nd5 23. Nd3 Qf5 24. Nc5 Qxc2 25. Rxc2 Nb6 26. Nb7 Rd7 27. Na5 e5 28. Rcd2 exd4 29. Bxd4 Rxd4 30. Rxd4 Bxd4 31. Rxd4 Nd5 32. Nxc6 Rxc6 33. Rxd5 Rc3 34. Rxb5 Rxa3 35. Ra5 Ra2 36. Kf3 a3 37. b5 Rb2 38. Rxa3 Rxb5 39. g4 h5 40. Kg3 hxg4 41. hxg4 Kg7 42. Ra6 g5 43. e3 f6 44. Kf3 Rc5 45. Ra4 Rb5 46. Ke4 Rc5 47. Rd4 Re5+ 48. Kf3 Ra5 49. Rc4 Kg6 50. Rc8 Rb5 51. Rg8+ Kf7 52. Rh8 Kg7 53. Rd8 Kg6 54. Ke4 Ra5 55. Rd5 Ra4+ 56. Rd4 Ra2 57. f4 gxf4 58. exf4 Rg2 59. Kf3 Rg1 60. Rd6 Kg7 61. Rc6 Kf7 62. f5 Re1 63. Rc7+ Kf8 64. Kf4 Re2 65. Kg3 Re1 66. Rb7 Re3+ 67. Kh4 Re1 68. Kh5 Rg1 69. Rc7 Kg8 70. Kg6 Rxg4+ 71. Kxf6 Rg1 72. Rc8+ Kh7 73. Kf7 Rf1 74. f6 Ra1 75. Rc7 1-0


[Site "https://www.chess.com"]

[Event "Titled Tuesday Blitz August 17 2021"]
[White "Indjic, Aleksandar"]
[Black "Weetik, Vjacheslav"]
[WhiteFideId "911925"]
[BlackFideId "4153472"]
[WhiteElo "2643"]
[BlackElo "2469"]
[Result "1-0"]
[Round "05"]
[TimeControl "180+1"]
[Date "2021.08.17"]
[WhiteClock "0:00:21"]
[BlackClock "0:00:01"]

1. d4 d5 2. Nf3 e6 3. c4 c6 4. Nc3 dxc4 5. a4 Bb4 6. g3 c5 7. Bg2 Nc6 8. Be3 Nge7 9. dxc5 Qa5 10. Nd2 Ne5 11. O-O O-O 12. Nde4 Bd7 13. Qc2 Nf5 14. Bf4 Ng6 15. Bd6 Rfc8 16. Rfd1 Bc6 17. h4 h6 18. h5 Nge7 19. Nb5 Bd5 20. Bxe7 Nxe7 21. Nbd6 Rxc5 22. Nxc5 Qxc5 23. Nb5 a6 24. Nc3 Bxc3 25. bxc3 Bxg2 26. Kxg2 Qxh5 27. Rd7 Nd5 28. Rh1 Qg4 29. Rh4 Qg5 30. Rxb7 Rd8 31. Rxc4 Ne3+ 32. fxe3 Qd5+ 33. Qe4 Qd2 34. Qf3 Qc2 35. Qxf7+ 1-0


[Site "https://www.chess.com"]

[Event "Titled Tuesday Blitz August 17 2021"]
[White "Ivanov, Oleg"]
[Black "Rozhkov, Viacheslav"]
[WhiteFideId "4103114"]
[BlackFideId "4181484"]
[WhiteElo "2698"]
[BlackElo "2324"]
[Result "1-0"]
[Round "05"]
[TimeControl "180+1"]
[Date "2021.08.17"]
[WhiteClock "0:00:19"]
[BlackClock "0:00:01"]

1. e4 c5 2. Nf3 d6 3. d4 cxd4 4. Nxd4 Nf6 5. f3 e5 6. Nb3 d5 7. Bg5 dxe4 8. Qxd8+ Kxd8 9. Nc3 a6 10. O-O-O Nd7 11. fxe4 Kc7 12. Bc4 Bb4 13. Rxd7+ Bxd7 14. Bxf6 Bxc3 15. Bxg7 Rhg8 16. Bf6 Rg6 17. Rf1 Bd4 18. Nxd4 exd4 19. g3 Bb5 20. Be5+ Kd7 21. Rxf7+ Ke8 22. Bd5 Bc6 23. Rxh7 Bxd5 24. exd5 Rd8 25. d6 1-0


[Site "https://www.chess.com"]

[Event "Titled Tuesday Blitz August 17 2021"]
[White "Jaracz, Pawel"]
[Black "Bok, Benjamin"]
[WhiteFideId "1102222"]
[BlackFideId "1017063"]
[WhiteElo "2495"]
[BlackElo "2658"]
[Result "0-1"]
[Round "05"]
[TimeControl "180+1"]
[Date "2021.08.17"]
[WhiteClock "0:00:07"]
[BlackClock "0:00:03"]

1. Nf3 d5 2. d4 Nf6 3. c4 e6 4. e3 b6 5. Nc3 Bb7 6. cxd5 exd5 7. Bb5+ c6 8. Bd3 Bd6 9. O-O O-O 10. Qc2 Nbd7 11. Bd2 Re8 12. Rac1 Qe7 13. Nh4 g6 14. Nf3 Ne4 15. Ne2 Rac8 16. Ng3 Ndf6 17. Bc3 Nxg3 18. hxg3 Ne4 19. Qa4 Nxg3 20. fxg3 Qxe3+ 21. Kh2 Qxd3 22. Ne5 Bxe5 23. dxe5 Re7 24. Qh4 Rce8 25. Rf3 Qe4 26. Rf4 Qe2 27. Rf3 d4 28. Re1 Qb5 29. Bd2 c5 30. Bh6 Qc6 31. Re2 Rxe5 32. Rf6 Qd7 33. Ref2 Rh5 0-1


[Site "https://www.chess.com"]

[Event "Titled Tuesday Blitz August 17 2021"]
[White "Katz, Alexander"]
[Black "Majer, Damir"]
[WhiteFideId "2039796"]
[BlackFideId "4615689"]
[WhiteElo "2371"]
[BlackElo "2409"]
[Result "1-0"]
[Round "05"]
[TimeControl "180+1"]
[Date "2021.08.18"]
[WhiteClock "0:00:23"]
[BlackClock "0:00:30"]

1. d4 d5 2. c4 e6 3. Nc3 Nf6 4. cxd5 exd5 5. Bg5 Be7 6. e3 c6 7. Bd3 Nbd7 8. Nge2 O-O 9. O-O Re8 10. Qc2 Nf8 11. f3 Be6 12. e4 dxe4 13. fxe4 Ng4 14. Bxe7 Rxe7 15. Rf3 Qb6 16. Kh1 Rd8 17. Raf1 Rxd4 18. Nxd4 Qxd4 19. Qe2 Ng6 20. Bb1 Qd6 21. Rg3 N4e5 22. Rd1 Qb8 23. Qe3 h6 24. Ne2 Rd7 25. Rxd7 Bxd7 26. a3 b6 27. Ba2 Qe8 28. Nf4 Ng4 29. Rxg4 Bxg4 30. Nxg6 Be6 31. Bxe6 Qxe6 32. Nf4 Qd6 33. h3 Qe5 34. Nd3 Qb5 35. e5 Qb3 36. Kh2 c5 37. Qg3 c4 38. Nf4 Qxb2 39. Nh5 g5 40. Nf6+ Kg7 41. Ng4 Qd4 42. Qf3 Qf4+ 43. Qxf4 gxf4 44. Nf2 Kg6 45. Ne4 Kf5 46. Nd6+ Kxe5 47. Nxc4+ Kd4 48. Nd6 Kc5 49. Nxf7 b5 50. Nxh6 a5 51. Ng4 b4 52. axb4+ Kxb4 53. Nf2 Kc3 54. Ne4+ Kb4 55. Nf2 a4 56. Nd3+ Kc3 57. Nc1 a3 58. h4 Kc2 59. Na2 Kb2 60. Nb4 Kb3 61. Nd3 Kc3 62. Nc1 Kc2 63. Na2 Kb2 64. h5 Kxa2 65. h6 Kb1 66. h7 a2 67. h8=Q a1=Q 68. Qxa1+ Kxa1 69. Kh3 Kb2 70. Kg4 Kc3 71. Kxf4 Kd4 72. g4 Kd5 73. Kf5 Kd6 74. Kf6 Kd7 75. Kf7 Kd6 76. g5 Ke5 77. g6 Kf5 78. g7 Kf4 79. g8=Q Kf3 80. Qg5 Kf2 81. Qg4 Kf1 82. Qg3 Ke2 83. Ke6 Kf1 84. Qh2 Ke1 85. Qc2 Kf1 86. Qd2 1-0


[Site "https://www.chess.com"]

[Event "Titled Tuesday Blitz August 17 2021"]
[White "Kavyev, Ruslan"]
[Black "Batsuren, Dambasuren"]
[WhiteFideId "34110981"]
[BlackFideId "4902920"]
[WhiteElo "2172"]
[BlackElo "2371"]
[Result "1-0"]
[Round "05"]
[TimeControl "180+1"]
[Date "2021.08.17"]
[WhiteClock "0:00:03"]
[BlackClock "0:00:02"]

1. e4 c6 2. d4 d5 3. Nd2 dxe4 4. Nxe4 Nf6 5. Nxf6+ exf6 6. c3 Bd6 7. Bd3 O-O 8. Qc2 Re8+ 9. Ne2 h5 10. O-O Nd7 11. Be3 Nf8 12. c4 h4 13. h3 Bc7 14. Rfe1 Be6 15. Rad1 Qd7 16. Nf4 Rad8 17. d5 Bxf4 18. Bxf4 cxd5 19. cxd5 Bxd5 20. Rxe8 Qxe8 21. Bc7 Rc8 22. Qc5 Bxg2 23. Kxg2 Ne6 24. Qf5 Rxc7 25. Qh7+ Kf8 26. Qh8+ Ke7 27. Qxh4 Qc6+ 28. Kg1 Qd6 29. Be2 Qf4 30. Qh8 Rc1 31. Qa8 Qg5+ 32. Kf1 Rxd1+ 33. Bxd1 Qd5 34. Bb3 Qb5+ 35. Kg1 Nf4 36. Qxa7 Qg5+ 37. Kf1 Qb5+ 38. Kg1 Qg5+ 39. Kf1 Qg2+ 40. Ke1 Qh1+ 41. Kd2 Qc6 42. Qe3+ Ne6 43. Bxe6 fxe6 44. Qg3 Qd5+ 45. Kc3 g5 46. a3 e5 47. Kc2 Kd6 48. Kb1 Qd1+ 49. Ka2 Qd5+ 50. Ka1 Ke6 51. Qc3 Kf7 52. Qc7+ Kg6 53. Qc8 Qh1+ 54. Ka2 Qd5+ 55. Ka1 e4 56. Qe8+ Kf5 57. Qh5 Ke5 58. Qe8+ Kf4 59. Qf8 Qd1+ 60. Ka2 Qd5+ 61. Ka1 f5 62. Qb8+ 1-0


[Site "https://www.chess.com"]

[Event "Titled Tuesday Blitz August 17 2021"]
[White "Kazakov, Mikhail"]
[Black "Spyropoulos, Nikolaos"]
[WhiteFideId "14102749"]
[BlackFideId "4298977"]
[WhiteElo "2373"]
[BlackElo "2159"]
[Result "1-0"]
[Round "05"]
[TimeControl "180+1"]
[Date "2021.08.18"]
[WhiteClock "0:00:16"]
[BlackClock "0:00:03"]

1. d4 Nf6 2. c4 e6 3. Nc3 Bb4 4. e3 O-O 5. Bd3 b6 6. Ne2 Bb7 7. O-O Bxc3 8. Nxc3 d6 9. e4 Nbd7 10. Bg5 e5 11. Nd5 Bxd5 12. cxd5 exd4 13. Bc2 h6 14. Bh4 Qe7 15. Qxd4 Rfe8 16. Rae1 Qe5 17. Qxe5 Rxe5 18. f3 Rae8 19. Rc1 a6 20. Bd3 Nc5 21. Bb1 a5 22. b3 Nh5 23. a3 Nf4 24. Rc2 f5 25. b4 axb4 26. axb4 Ncd3 27. Rxc7 fxe4 28. fxe4 Rxe4 29. Bg3 Ne2+ 30. Kh1 Nxg3+ 31. hxg3 Re3 32. Kh2 Ne5 33. Bf5 Rb3 34. Be6+ Kh8 35. Rf4 Rb2 36. Rb7 Rd8 37. Rxb6 g5 38. Rf1 g4 39. Kh1 Ra8 40. Rb7 Raa2 41. Rf8# 1-0


[Site "https://www.chess.com"]

[Event "Titled Tuesday Blitz August 17 2021"]
[White "Kezin, Roman"]
[Black "Eternauta2400"]
[WhiteFideId "24124621"]
[WhiteElo "2570"]
[BlackElo "2559"]
[Result "1-0"]
[Round "05"]
[TimeControl "180+1"]
[Date "2021.08.17"]
[WhiteClock "0:00:26"]
[BlackClock "0:00:14"]

1. d4 Nf6 2. c4 e6 3. g3 d5 4. Bg2 dxc4 5. Nf3 Nbd7 6. O-O a6 7. Nc3 Bb4 8. Nd2 c5 9. Nxc4 O-O 10. Nd6 cxd4 11. Qxd4 Bc5 12. Qd2 Qc7 13. Rd1 Rd8 14. Nde4 Be7 15. Qf4 e5 16. Qh4 Nf8 17. Bg5 Ng6 18. Nxf6+ gxf6 19. Qh5 fxg5 20. Nd5 Rxd5 21. Bxd5 Bd7 22. Rac1 Bc6 23. Qf3 Rf8 24. Bxc6 bxc6 25. Rxc6 Qa5 26. Qd5 Qa4 27. Rdc1 Rd8 28. Qc4 Rd1+ 29. Kg2 Qxc4 30. R6xc4 Rxc1 31. Rxc1 e4 32. Rc6 Ne5 33. Rxa6 Kg7 34. a4 f5 35. Re6 Bf6 36. a5 Kf7 37. Rb6 Bd8 38. Rb7+ Ke6 39. a6 Nc6 40. a7 Nxa7 41. Rxa7 f4 42. gxf4 gxf4 43. Rxh7 Bf6 44. b4 Kf5 45. Rf7 1-0


[Site "https://www.chess.com"]

[Event "Titled Tuesday Blitz August 17 2021"]
[White "Khanin, Semen"]
[Black "Onyshchuk, Volodymyr"]
[WhiteFideId "4111990"]
[BlackFideId "14114038"]
[WhiteElo "2521"]
[BlackElo "2603"]
[Result "1-0"]
[Round "05"]
[TimeControl "180+1"]
[Date "2021.08.17"]
[WhiteClock "0:00:41"]
[BlackClock "0:00:25"]

1. e4 d6 2. d4 Nf6 3. Nc3 g6 4. Nf3 Bg7 5. Be3 O-O 6. Qd2 c6 7. Bh6 Bg4 8. h4 Bxf3 9. gxf3 Nh5 10. Bh3 e5 11. Bxg7 Kxg7 12. Ne2 Qf6 13. Bg4 Nf4 14. Nxf4 Qxf4 15. Qxf4 exf4 16. h5 Na6 17. h6+ Kf6 18. O-O-O Nc7 19. c4 Ke7 20. Rhe1 Rad8 21. Kc2 c5 22. e5 d5 23. dxc5 dxc4 24. Kc3 b6 25. c6 b5 26. Kb4 a6 27. Ka5 Ne6 28. Bxe6 Kxe6 29. Rxd8 Rxd8 30. Kxa6 Ra8+ 31. Kb7 1-0


[Site "https://www.chess.com"]

[Event "Titled Tuesday Blitz August 17 2021"]
[White "Khumalo, Keith"]
[Black "Dang, Hoang Son"]
[WhiteFideId "14319470"]
[BlackFideId "12402435"]
[WhiteElo "1992"]
[BlackElo "2248"]
[Result "0-1"]
[Round "05"]
[TimeControl "180+1"]
[Date "2021.08.17"]
[WhiteClock "0:01:06"]
[BlackClock "0:00:20"]

1. d4 Nf6 2. c4 g6 3. Nc3 Bg7 4. e4 O-O 5. Bd3 d6 6. Nge2 e5 7. d5 Na6 8. O-O Nc5 9. Bc2 a5 10. a3 c6 11. Rb1 cxd5 12. cxd5 Bd7 13. b4 axb4 14. axb4 Na6 15. f3 Nh5 16. Be3 f5 17. exf5 gxf5 18. f4 Nf6 19. h3 e4 20. Ba4 Rc8 21. Bxd7 Nxd7 22. Nb5 Nb6 23. Bd4 Rf7 24. Rb3 Rc4 25. Qa1 Nxb4 26. Qb1 N6xd5 27. Bxg7 Rxg7 28. Nbd4 Qf6 29. Rd1 b6 30. Ra3 h5 31. Qb3 Rc5 32. Ra4 Nd3 33. Rc4 Qg6 34. g3 Qf7 35. Rxc5 dxc5 36. Nc6 N5xf4 37. Qxf7+ Kxf7 38. Nxf4 Nxf4 39. Rd7+ Kf6 40. Rxg7 Nxh3+ 41. Kg2 Kxg7 42. Kxh3 b5 43. Kg2 b4 44. Kf2 b3 45. Ne7 b2 0-1


[Site "https://www.chess.com"]

[Event "Titled Tuesday Blitz August 17 2021"]
[White "Kislov, Oleg"]
[Black "Jodorcovsky Werjivker, Paulo"]
[WhiteFideId "13503774"]
[BlackFideId "3700305"]
[WhiteElo "2252"]
[BlackElo "2142"]
[Result "1-0"]
[Round "05"]
[TimeControl "180+1"]
[Date "2021.08.18"]
[WhiteClock "0:00:11"]
[BlackClock "0:00:09"]

1. e4 e5 2. Nf3 Nc6 3. d4 exd4 4. Nxd4 Qf6 5. Be3 Bc5 6. c3 Nge7 7. Bc4 b6 8. O-O Bb7 9. Nc2 O-O-O 10. Bxc5 bxc5 11. Ne3 Ne5 12. Qe2 Qg6 13. f3 Nxc4 14. Qxc4 Ba6 15. Qxc5 Bxf1 16. Kxf1 Nc6 17. Nd2 Qh6 18. h3 d6 19. Qxc6 Qxe3 20. Nc4 Qc5 21. Qxc5 dxc5 22. Ke2 f6 23. a4 Kb7 24. Ra3 Ka6 25. Ne3 c6 26. Nc4 Rhe8 27. g4 Re7 28. Ra1 Red7 29. h4 h6 30. Rg1 g6 31. g5 fxg5 32. hxg5 h5 33. f4 Rf8 34. Ke3 Rdf7 35. Rf1 Rg7 36. Nd6 Rd8 37. e5 Re7 38. Kd3 Re6 39. Kc4 Rdxd6 40. exd6 Rxd6 41. Kxc5 Re6 42. f5 Re5+ 43. Kxc6 gxf5 44. b4 Re6+ 45. Kd5 Rg6 46. Rxf5 Kb7 47. Ke5 h4 48. Rf7+ Kb8 49. Kf5 Rc6 50. Rh7 Rxc3 51. Rxh4 Rf3+ 52. Kg6 Kb7 53. Kg7 Kc6 54. g6 Kd7 55. Re4 Rh3 56. Kg8 Rh6 57. g7 Rh1 58. Kf7 Rf1+ 59. Kg6 Rg1+ 60. Kf6 Rf1+ 61. Kg5 Rg1+ 62. Rg4 1-0


[Site "https://www.chess.com"]

[Event "Titled Tuesday Blitz August 17 2021"]
[White "Kollars, Dmitrij"]
[Black "Kravtsiv, Martyn"]
[WhiteFideId "12909572"]
[BlackFideId "14113147"]
[WhiteElo "2576"]
[BlackElo "2680"]
[Result "0-1"]
[Round "05"]
[TimeControl "180+1"]
[Date "2021.08.17"]
[WhiteClock "0:00:06"]
[BlackClock "0:00:02"]

1. c4 Nf6 2. Nf3 e6 3. g3 d5 4. Bg2 d4 5. O-O Be7 6. e3 c5 7. exd4 cxd4 8. d3 O-O 9. a3 a5 10. Bg5 Nc6 11. Nbd2 h6 12. Bxf6 Bxf6 13. c5 Be7 14. Rc1 a4 15. Re1 Ra5 16. Ne5 Nxe5 17. Rxe5 f6 18. Re1 Bxc5 19. b4 axb3 20. Nxb3 Bxa3 21. Rxc8 Qxc8 22. Nxa5 Bb4 23. Nxb7 Bxe1 24. Qxe1 Kh8 25. h4 e5 26. Qe4 Qc7 27. Qd5 Qc3 28. Nd6 Qe1+ 29. Kh2 Qxf2 30. Kh3 Kh7 31. Qe6 f5 32. Qe7 Rf6 33. Qxe5 Qe3 34. Qd5 Qxd3 35. Ne8 Rg6 36. Qe5 Qe3 37. Qb8 d3 38. Bd5 Re6 39. Bxe6 Qxe6 40. Qd8 f4+ 41. Kg2 Qe2+ 42. Kh3 Qf1+ 43. Kg4 fxg3 44. Kxg3 Qe1+ 45. Kf3 d2 46. Qd3+ Kh8 47. Nf6 d1=Q+ 0-1


[Site "https://www.chess.com"]

[Event "Titled Tuesday Blitz August 17 2021"]
[White "Korchmar, Vasiliy"]
[Black "Przybylski, Wojciech"]
[WhiteFideId "24131750"]
[BlackFideId "1117599"]
[WhiteElo "2370"]
[BlackElo "2250"]
[Result "1-0"]
[Round "05"]
[TimeControl "180+1"]
[Date "2021.08.17"]
[WhiteClock "0:00:29"]
[BlackClock "0:00:03"]

1. e4 c5 2. Nf3 d6 3. d4 cxd4 4. Nxd4 Nf6 5. Nc3 a6 6. Be2 e5 7. Nb3 Be7 8. O-O O-O 9. Qd3 Be6 10. Bd2 Nbd7 11. Nd5 Bxd5 12. exd5 Rc8 13. c4 Re8 14. Rae1 Qc7 15. f4 Bf8 16. Kh1 g6 17. Bc3 Bg7 18. f5 e4 19. Qg3 Ne5 20. Nd4 Nxc4 21. fxg6 hxg6 22. Bxc4 Qxc4 23. Nf5 Nh5 24. Qg5 Bxc3 25. Nh6+ Kh7 26. bxc3 f6 27. Rxf6 Nxf6 28. Qxf6 Kxh6 29. Re3 Re5 30. g4 Qxd5 31. Rh3+ Rh5 32. Rxh5+ Qxh5 33. gxh5 Kxh5 34. Qxd6 Rxc3 35. Qe5+ 1-0


[Site "https://www.chess.com"]

[Event "Titled Tuesday Blitz August 17 2021"]
[White "Kovalev, Vladislav"]
[Black "Aldokhin, Ivan"]
[WhiteFideId "13504398"]
[BlackFideId "24115720"]
[WhiteElo "2573"]
[BlackElo "2306"]
[Result "1-0"]
[Round "05"]
[TimeControl "180+1"]
[Date "2021.08.17"]
[WhiteClock "0:00:09"]
[BlackClock "0:00:02"]

1. e4 c5 2. Nf3 e6 3. d4 cxd4 4. Nxd4 a6 5. Nc3 Qc7 6. g3 Nf6 7. Bg2 d6 8. O-O Be7 9. h3 Nc6 10. Be3 Bd7 11. a4 Ne5 12. Qe2 Nc4 13. Bc1 Rc8 14. b3 Ne5 15. Bb2 O-O 16. f4 Nc6 17. Nf3 Nb4 18. Kh2 d5 19. exd5 Nfxd5 20. Nxd5 Nxd5 21. c4 Nb4 22. Ne5 Be8 23. Rad1 b5 24. axb5 axb5 25. Rd2 bxc4 26. bxc4 Nc6 27. Qg4 Bf6 28. Ba3 Be7 29. Bb2 Bf6 30. Re2 Nxe5 31. fxe5 Be7 32. Rf4 Bc6 33. Bxc6 Qxc6 34. Rfe4 Rcd8 35. Qf3 Rd1 36. Rf2 Qd7 37. Rf4 Rd3 38. Qe4 Bc5 39. Rg2 Re3 40. Qc2 Rd8 41. Bc1 Rd3 42. Qe2 Rd1 43. Be3 Qd3 44. Qxd3 R8xd3 45. Bxc5 Rc1 46. Bg1 Rdd1 47. c5 h6 48. Rd4 Re1 49. Rdd2 Kh7 50. Rc2 Rxc2 51. Rxc2 1-0


[Site "https://www.chess.com"]

[Event "Titled Tuesday Blitz August 17 2021"]
[White "Krysa, Leandro"]
[Black "Sarana, Alexey"]
[WhiteFideId "116807"]
[BlackFideId "24133795"]
[WhiteElo "2490"]
[BlackElo "2646"]
[Result "0-1"]
[Round "05"]
[TimeControl "180+1"]
[Date "2021.08.17"]
[WhiteClock "0:00:09"]
[BlackClock "0:00:57"]

1. e4 c5 2. Nf3 d6 3. d4 cxd4 4. Nxd4 Nf6 5. Bc4 e6 6. Bd3 Nc6 7. Nxc6 bxc6 8. c4 Be7 9. O-O Nd7 10. Nc3 a5 11. Rb1 O-O 12. b3 Bf6 13. Bd2 Bb7 14. Re1 Nb6 15. Qc2 g6 16. Bh6 Re8 17. Be3 Rc8 18. c5 dxc5 19. Bxc5 Nd7 20. Na4 Qc7 21. Rbd1 Red8 22. h3 Nxc5 23. Nxc5 Bd4 24. Bf1 Qe7 25. Rc1 Ra8 26. e5 Bxc5 27. Qxc5 Qxc5 28. Rxc5 a4 29. b4 a3 30. f3 Ra4 31. Rc3 Rd2 32. Re2 Rb2 33. Rxa3 Rbxb4 34. Rxa4 Rxa4 35. Rb2 Ra7 36. a4 Kf8 37. a5 Ke7 38. a6 Bc8 39. Kf2 Kd7 40. Ke3 Kc7 41. Ra2 Kb6 42. Rb2+ Kc5 43. f4 Bxa6 44. Bxa6 Rxa6 45. Rb7 Ra3+ 46. Ke4 Ra4+ 47. Ke3 h6 48. Rxf7 g5 49. g3 Ra3+ 50. Kf2 Kd5 51. Rf6 gxf4 52. Rxf4 c5 53. Rh4 c4 54. Ke2 Rxg3 55. Rxh6 Kxe5 56. Rh5+ Kd4 57. Rh4+ Kd5 58. Kd2 e5 59. Rh8 Kd4 60. Rd8+ Ke4 61. h4 Rh3 62. Rh8 Kd4 0-1


[Site "https://www.chess.com"]

[Event "Titled Tuesday Blitz August 17 2021"]
[White "Kuzubov, Yuriy"]
[Black "Yoo, Christopher Woojin"]
[WhiteFideId "14112906"]
[BlackFideId "30909694"]
[WhiteElo "2564"]
[BlackElo "2105"]
[Result "0-1"]
[Round "05"]
[TimeControl "180+1"]
[Date "2021.08.17"]
[WhiteClock "0:00:03"]
[BlackClock "0:00:28"]

1. d4 Nf6 2. Nf3 d5 3. c4 e6 4. g3 Be7 5. Bg2 O-O 6. O-O dxc4 7. Qc2 b5 8. a4 Bb7 9. axb5 a6 10. Nc3 axb5 11. Rxa8 Bxa8 12. Nxb5 Bd5 13. Nc3 Bxf3 14. Bxf3 Qxd4 15. Be3 Qe5 16. Rd1 Nbd7 17. Bd4 Qa5 18. Ne4 Ne5 19. Bg2 Rd8 20. Bc3 Rxd1+ 21. Qxd1 Qb5 22. h3 Ned7 23. Qa1 Nd5 24. Qa8+ Qb8 25. Qc6 Nxc3 26. Nxc3 Ne5 27. Qe4 Bf6 28. f4 Ng6 29. Qxc4 Qxb2 30. Nb5 h5 31. h4 Ne7 32. Be4 c6 33. Nd6 Qa3 34. Qd3 Qc5+ 35. Kg2 Nd5 36. Bxd5 cxd5 37. Nb5 g6 38. Na3 Bd8 39. Nc2 Bb6 40. e3 Qa5 41. Nd4 Qa2+ 42. Qc2 Qc4 43. Qxc4 dxc4 44. Nc2 Kf8 45. Kf3 Ke7 46. Ke4 Kd6 47. Nd4 f5+ 48. Kf3 Bxd4 49. exd4 Kc6 50. Ke2 Kb5 51. Kd2 Kb4 52. Kc2 c3 53. Kc1 Kc4 0-1


[Site "https://www.chess.com"]

[Event "Titled Tuesday Blitz August 17 2021"]
[White "Kvon, Andrey"]
[Black "Federzoni, Enzo"]
[WhiteFideId "14201356"]
[BlackFideId "2173301"]
[WhiteElo "2458"]
[BlackElo "1956"]
[Result "1-0"]
[Round "05"]
[TimeControl "180+1"]
[Date "2021.08.17"]
[WhiteClock "0:01:49"]
[BlackClock "0:00:14"]

1. e4 c5 2. b3 d6 3. Bb2 e6 4. f4 Nc6 5. Nf3 Nf6 6. Nc3 Be7 7. Bb5 Bd7 8. O-O O-O 9. Qe1 a6 10. Bxc6 Bxc6 11. d3 d5 12. Ne5 Qc7 13. Nxc6 Qxc6 14. e5 Nd7 15. Qg3 f5 16. exf6 Bxf6 17. Rae1 Rae8 18. Kh1 e5 19. f5 e4 20. dxe4 dxe4 21. Bc1 Be5 22. Qh3 Bd4 23. Ne2 Kh8 24. c3 Bf6 25. Nf4 Ne5 26. Ng6+ Nxg6 27. fxg6 h6 28. Bxh6 Qe6 29. Bxg7+ 1-0


[Site "https://www.chess.com"]